 Dungeon Crawl Stone Soup version 0.31.0-11-ge490571c62 (webtiles) character file.

Game seed: 4849771642714543506

924 qw the Skirmisher (level 7, -1/40 HPs)
             Began as a Deep Elf Hunter on Feb 4, 2024.
             Slain by Dowan
             ... wielding a +0 dagger
              (2 damage)
             ... on level 4 of the Dungeon.
             The game lasted 00:00:12 (3332 turns).

qw the Skirmisher (Deep Elf Hunter)                 Turns: 3332, Time: 00:00:13

Health: -1/40      AC:  6    Str: 10    XL:     7   Next: 84%
Magic:  9/9        EV: 11    Int: 14    God:
Gold:   282        SH:  0    Dex: 18    Spells: 6/6 levels left

rFire   + . .        a - +2 shortbow
rCold   + . .        (shield currently unavailable)
rNeg    . . .        h - +0 ring mail
rPois   .            (no helmet)
rElec   .            f - scarf {rC+ rF+}
rCorr   .            (no gloves)
SInv    .            m - +0 pair of boots
Will    .....        i - amulet of the acrobat
Stlth   +            (no ring)
HPRegen 0.26/turn    (no ring)
MPRegen 0.11/turn

%: acrobat, clarity
@: no status effects
A: clarity
a: no special abilities


You were on level 4 of the Dungeon.
You visited 1 branch of the dungeon, and saw 4 of its levels.

You collected 282 gold pieces.


Innate Abilities, Weirdness & Mutations

You possess an exceptional clarity of mind.


   Skills:
 - Level 2.3 Fighting
 + Level 11.9 Ranged Weapons
 - Level 1.5 Armour
 - Level 3.0 Dodging
 - Level 1.2 Stealth


You had 6 spell levels left.
You didn't know any spells.
Your spell library was empty.

Inventory:

Hand Weapons
 a - a +2 shortbow (weapon)
Armour
 f - a scarf of resistance (worn)
 h - a +0 ring mail (worn)
 m - a +0 pair of boots (worn)
 o - a +0 robe of fire resistance
Jewellery
 i - an amulet of the acrobat (around neck)
Potions
 e - 2 potions of ambrosia {unknown}
 g - 2 potions of curing
 l - a potion of lignification {unknown}
 n - a potion of magic {unknown}

Dungeon Overview and Level Annotations

Branches:
Dungeon (4/15)
 Temple: D:4-7

Altars:
Elyvilon
Trog

Annotations:
D:4 Dowan


Message History

Duvessa is severely wounded.
Duvessa hits you with a +0 short sword!
You shoot an arrow. The arrow barely misses Duvessa.
Duvessa hits you with a +0 short sword.
You shoot an arrow.
The arrow hits Duvessa but does no damage.
Duvessa is severely wounded.
Duvessa hits you with a +0 short sword.
3324 ||| DRINKING potion of heal wounds.
You feel much better.
Duvessa says, "When magic and the sword combine, nothing stands against them."
Duvessa hits you with a +0 short sword! Dowan barely misses you.
You shoot an arrow. The arrow closely misses Duvessa.
Duvessa hits you with a +0 short sword. Dowan hits you but does no damage.
You shoot an arrow. The arrow closely misses Duvessa.
Duvessa completely misses you. Dowan casts a spell at you.
The puff of frost misses you.
You shoot an arrow. The arrow completely misses Duvessa.
Duvessa hits you with a +0 short sword. Dowan hits you with a +0 dagger.
You shoot an arrow. The arrow hits Duvessa!
Duvessa is almost dead.
Duvessa barely misses you.
Dowan points at you and mumbles some strange words.
The puff of frost hits you. You resist.
You shoot an arrow. The arrow hits Duvessa.
You kill Duvessa!
Dowan screams, "No!
No!"
Dowan seems to find hidden reserves of power!
Dowan barely misses you.
You shoot an arrow. The arrow hits Dowan!
Dowan is moderately wounded.
Dowan misses you. Dowan closely misses you.
You shoot an arrow. The arrow misses Dowan.
Dowan closely misses you.
You shoot an arrow. The arrow hits Dowan.
Dowan is heavily wounded.
Dowan casts a spell at you. The stone arrow hits you!
Dowan hits you with a +0 dagger.
You die...

#........# ##...## #.#
######.#####.....## #.# ##.#.#
##.......########.#
##....###.[.......#..^8^(.#####
#.......).........'.#####......
##....###.........##.#...#..###
##.#.# ##.......###.##.###.##
###.# ##...e.## #.#.## ##.# #.#
##.)@## #.##.###.## #.# ##'##
#.###.#..# #.# #. #.###..#.#
..# #. #........# ### #.
#####.#### .. #.# .. #.# .. ..#
###


You could see Dowan (fast).

Vanquished Creatures
  Sigmund (D:2)
  Duvessa (D:4)
  An ogre (D:4)
  2 phantoms (D:4)
  A kobold brigand (D:3)
  Blork the orc (D:4)
  2 bombardier beetles (D:3)
  A jelly (D:4)
  A hound (D:4)
  6 gnolls (D:4)
  An adder (D:4)
  2 dart slugs
  An orc (D:3)
  8 ball pythons
  4 endoplasms
  5 giant cockroaches
  16 hobgoblins
  2 quokkas (D:1)
  7 bats
  5 frilled lizards
  6 goblins
  14 kobolds
  10 rats
98 creatures vanquished.

Vanquished Creatures (others)
  A butterfly (D:3)
1 creature vanquished.

Grand Total: 99 creatures vanquished

Notes
Turn   | Place    | Note
-------+----------+-------------------------------------------
     0 | D:1      | qw the Deep Elf Hunter began the quest for the Orb.
     0 | D:1      | Reached XP level 1. HP: 12/12 MP: 3/3
     0 | D:1      | 0 ||| qw: Version: 0.3-a-160-g6735b56
     0 | D:1      | 0 ||| qw: Game counter: 4531
     0 | D:1      | 0 ||| qw: Melee chars always use a shield: true
     0 | D:1      | 0 ||| qw: God list: Okawaru
     0 | D:1      | 0 ||| qw: Allow faded altars: false
     0 | D:1      | 0 ||| qw: Do Orc after clearing Dungeon:15 true
     0 | D:1      | 0 ||| qw: Do second Lair branch before Depths: true
     0 | D:1      | 0 ||| qw: Lair rune preference: random
     0 | D:1      | 0 ||| qw: Goals: Normal
     0 | D:1      | 0 ||| PLANNING D:1-11
   103 | D:1      | Found a faded altar of an unknown god.
   105 | D:1      | Reached skill level 6 in Ranged Weapons
   105 | D:1      | Reached XP level 2. HP: 16/16 MP: 4/4
   636 | D:1      | Reached XP level 3. HP: 20/20 MP: 5/5
   746 | D:1      | 746 ||| UPGRADING to +0 ring mail.
   756 | D:1      | 756 ||| DROPPING +0 leather armour.
   757 | D:1      | 757 ||| READING 2 scrolls labelled CAKEZO LERGH.
   757 | D:1      | 757 ||| IDENTIFYING glowing blue potion
   758 | D:1      | 758 ||| READING scroll of identify.
   758 | D:1      | 758 ||| IDENTIFYING purple potion
   759 | D:1      | 759 ||| READING 2 scrolls labelled KEVAOL ZIWAF.
   759 | D:1      | 759 ||| ENCHANTING +0 shortbow.
   760 | D:1      | 760 ||| READING scroll of enchant weapon.
   760 | D:1      | 760 ||| ENCHANTING +1 shortbow.
   761 | D:1      | 761 ||| READING scroll labelled YJUAHIDDAH.
   762 | D:1      | 762 ||| READING scroll labelled AJAEGANOSE.
   763 | D:1      | 763 ||| DROPPING scroll of butterflies.
   764 | D:1      | 764 ||| DROPPING potion of brilliance.
   963 | D:2      | Noticed Sigmund
   970 | D:2      | 970 ||| DRINKING potion of curing.
   970 | D:2      | 970 ||| (to cure confusion)
   975 | D:2      | Killed Sigmund
   976 | D:2      | Reached skill level 9 in Ranged Weapons
   976 | D:2      | Reached XP level 4. HP: 17/25 MP: 6/6
   976 | D:2      | Reached XP level 5. HP: 20/29 MP: 7/7
  1409 | D:2      | 1409 ||| UPGRADING to scarf of resistance.
  1414 | D:2      | 1414 ||| DROPPING ring of flight.
  1559 | D:3      | Found a white marble altar of Elyvilon.
  1765 | D:3      | HP: 7/31 [burnt (2)]
  1769 | D:3      | HP: 3/31 [burnt (1)]
  1982 | D:3      | Reached XP level 6. HP: 36/36 MP: 8/8
  2251 | D:3      | Found a faded altar of an unknown god.
  2255 | D:3      | Found a bloodstained altar of Trog.
  2412 | D:3      | 2412 ||| UPGRADING to +0 pair of boots.
  2417 | D:3      | 2417 ||| UPGRADING to amulet of the acrobat.
  2422 | D:3      | 2422 ||| READING scroll of identify.
  2422 | D:3      | 2422 ||| IDENTIFYING silvery potion
  2423 | D:3      | 2423 ||| READING 2 scrolls labelled IDAEG VOFOB HIMA.
  2424 | D:3      | 2424 ||| DRINKING 2 blue potions.
  2425 | D:3      | 2425 ||| DRINKING 2 fizzy ruby potions.
  2425 | D:3      | Gained mutation: You have hidden genetic defects. [potion
                  | of mutation]
  2425 | D:3      | Gained mutation: You are agile. (Dex +4, Str/Int -1)
                  | [potion of mutation]
  2426 | D:3      | 2426 ||| DROPPING scroll of immolation.
  2465 | D:4      | Reached skill level 3 in Dodging
  2514 | D:3      | 2514 ||| Stepping randomly (stuck).
  2724 | D:4      | Reached skill level 10 in Ranged Weapons
  2729 | D:4      | Gained mutation: You sometimes lose your temper in combat.
                  | [hidden defects]
  2732 | D:4      | Reached XP level 7. HP: 40/40 MP: 9/9
  2732 | D:4      | 2732 ||| DRINKING potion of mutation.
  2732 | D:4      | Lost mutation: You sometimes lose your temper in combat.
                  | [potion of mutation]
  2732 | D:4      | Lost mutation: You are agile. (Dex +4, Str/Int -1) [potion
                  | of mutation]
  2732 | D:4      | Lost mutation: You have hidden genetic defects. [potion of
                  | mutation]
  2732 | D:4      | Gained mutation: You possess an exceptional clarity of
                  | mind. [potion of mutation]
  2746 | D:4      | Reached skill level 1 in Armour
  3029 | D:4      | 3029 ||| FLEEEEING.
  3169 | D:4      | Noticed Blork the orc
  3181 | D:4      | Reached skill level 11 in Ranged Weapons
  3181 | D:4      | 3181 ||| DRINKING potion of haste.
  3186 | D:4      | Killed Blork the orc
  3310 | D:4      | Noticed Dowan
  3312 | D:4      | Noticed Duvessa
  3323 | D:4      | HP: 9/40 [Duvessa/+0 short sword (5)]
  3324 | D:4      | 3324 ||| DRINKING potion of heal wounds.
  3329 | D:4      | Killed Duvessa
  3332 | D:4      | HP: 1/40 [Dowan/stone arrow (12)]
  3332 | D:4      | Slain by Dowan

Levels and vault maps discovered:
D:1:      dpeg_arrival_orchard, layout_basic, nicolae_ecumenical_snake_handling
D:2:      layout_loops_ring, minivault_25, uniq_sigmund, uniq_crazy_yiuf_cottage
D:3:      cheibrodos_thug_alley, layout_rooms,
          nicolae_overflow_ecumenical_swirl, nicolae_elyvilon_peaceful_grove,
          serial_corexii_hall, chequers_hall_statues_wall_a,
          corexii_hall_statues_l, corexii_hall_statues_t,
          corexii_hall_statues_u, chequers_hall_statues_wall_a,
          corexii_hall_statues_x, minmay_pentomino_pile
D:4:      layout_loops_corners, mainiacjoe_overflow_catwalk,
          grunt_decor_one_mirror, ebering_dispersal_statue_hall, uniq_duvessa,
          uniq_blork_the_orc

Skill      XL: |  1  2  3  4  5  6  7 |
---------------+----------------------+-----
Ranged Weapons | 6 9 10 11 | 11.9
Fighting       | 2 |  2.3
Dodging        | 3 |  3.0
Armour         | 1 |  1.5
Stealth        | |  1.2

Action                     |  1- 3 |  4- 6 |  7- 9 || total
---------------------------+-------+-------+-------++-------
   Fire: Shortbow          |    98 |   123 |    68 ||   289
    Use: Scroll            |     6 |     2 |       ||     8
         Potion            |     1 |     2 |     3 ||     6
 Armour: Leather armour    |    17 |       |       ||    17
         Ring mail         |     3 |    11 |    31 ||    45
  Dodge: Dodged            |    18 |    18 |    20 ||    56

Table legend:
 A = Non-vault XP
 B = Vault XP
 C = Vault XP percentage of total XP
 D = Non-vault monster count
 E = Vault monster count
 F = Vault count percentage of total count
                 A         B        C        D         E       F
            +---------+---------+-------+---------+---------+-------
      Total |     717 |     604 |  45.7 |      76 |      22 |  22.4
            +---------+---------+-------+---------+---------+-------
        D:1 |      40 |       2 |   4.8 |      26 |       2 |   7.1
        D:2 |      25 |     239 |  90.5 |      17 |       1 |   5.6
        D:3 |     118 |     123 |  51.0 |      14 |      17 |  54.8
        D:4 |     534 |     240 |  31.0 |      19 |       2 |   9.5
            +---------+---------+-------+---------+---------+-------
